 Dungeon Crawl Stone Soup version 0.22-a0-469-gf26638a71f (webtiles) character file.

8652 Kriby the Cleaver (level 11, -10/90 HPs)
             Began as a Minotaur Berserker on June 12, 2018.
             Was a High Priest of Trog.
             Killed from afar by a smoke demon (12 damage)
             ... with a sticky flame
             ... on level 1 of the Abyss.
             The game lasted 00:12:02 (9537 turns).

Kriby the Cleaver (Minotaur Berserker)              Turns: 9537, Time: 00:12:03

Health: -10/90     AC: 12    Str: 24    XL:     11   Next: 12%
Magic:  19/19      EV: 15    Int:  4    God:    Trog [*****.]
Gold:   393        SH:  7    Dex: 11    Spells: 10/10 levels left

rFire    . . .     SeeInvis .   z - +1 war axe
rCold    . . .     Gourm    .   v - +0 buckler
rNeg     . . .     Faith    .   w - +4 scale mail
rPois    .         Spirit   .   (helmet restricted)
rElec    .         Reflect  +   G - scarf {repulsion}
rCorr    .         Harm     .   (no gloves)
MR       .....                  (no boots)
Stlth    ..........             C - +3 amulet of reflection
HPRegen  0.00/turn              D - ring of magical power
MPRegen  0.16/turn              (no ring)

@: liquid flames, about to teleport, berserk cooldown, non-regenerating,
diseased, hasted and slowed, glowing, repel missiles
A: retaliatory headbutt, horns 2, [frail 1]
a: Berserk, Trog's Hand, Brothers in Arms, Renounce Religion


You were on level 1 of the Abyss.
You worshipped Trog.
Trog was extremely pleased with you.
You were not hungry.

You visited 1 branch of the dungeon, and saw 10 of its levels.
You visited the Abyss 1 time.

You collected 523 gold pieces.
You spent 130 gold pieces at shops.

Inventory:

Hand Weapons
 a - a +0 hand axe
 m - a +0 trident
 x - the +8 bardiche of Day {drain, rC+ rN+ Int+2 Dex+3}
   (You found it on level 9 of the Dungeon)

   A truly terrible weapon, it drains the life of those it strikes.
   It affects your intelligence (+2).
   It affects your dexterity (+3).
   It protects you from cold.
   It protects you from negative energy.
 z - a +1 war axe (weapon)
Missiles
 t - 3 throwing nets (quivered)
Armour
 b - a +0 animal skin
 f - a +0 ring mail
 n - a +0 chain mail
 v - a +0 buckler (worn)
 w - a +4 scale mail (worn)
 E - a +0 cloak
 F - a +1 plate armour
 G - a scarf of repulsion (worn)
Jewellery
 j - an uncursed amulet of rage
 C - a +3 amulet of reflection (around neck)
 D - a ring of magical power (left hand)
 I - an uncursed ring of resist corrosion {unknown}
 J - an uncursed ring of protection from fire {unknown}
Wands
 B - a wand of digging (8) {@v1}
Scrolls
 g - 4 scrolls of random uselessness
 h - 10 scrolls of remove curse {@r2}
 k - 6 scrolls of identify {@r1}
 o - 4 scrolls of immolation
 p - a scroll of fear {unknown}
 r - 3 scrolls of silence {unknown}
 y - a scroll of torment {unknown}
Potions
 e - 4 potions of curing {@q1}
 l - 5 potions of mutation
 q - 2 potions of agility {@q5}
 s - 2 potions of haste {@q3}
 u - 2 potions of degeneration {unknown}
 A - a potion of invisibility {unknown}
Comestibles
 c - 24 rations {@e1}
 d - 3 chunks of flesh


   Skills:
 + Level 10.7 Fighting
 + Level 10.7 Axes
 + Level 10.4 Armour
 + Level 9.5 Dodging
 - Level 4.0 Shields


You had 10 spell levels left.
You didn't know any spells.
Your spell library was empty.

Dungeon Overview and Level Annotations

Branches:
Dungeon (10/15)            Temple (0/1) D:4            Lair (0/6) D:9
    Orc (0/2) D:9

Altars:
Kikubaaqudgha
Beogh

Shops:
D:4 *

Annotations:
D:10 Sonja


Innate Abilities, Weirdness & Mutations

You reflexively headbutt those who attack you in melee.
You have a pair of horns on your head.
[You are frail. (-10% HP)]


Message History

The floor.
As you read the scroll of teleportation {@r3}, it crumbles to dust.
You feel strangely unstable.
You feel the power of the Abyss delaying your translocation!
You feel yourself speed up. The bone dragon bites you!
* * * LOW HITPOINT WARNING * * *
The bone dragon completely misses you. The bone dragon tramples you!
* * * LOW HITPOINT WARNING * * *
You stumble backwards!
Okay, then.
The bone dragon bites you.
* * * LOW HITPOINT WARNING * * *
The bone dragon misses you. The bone dragon tramples you!
* * * LOW HITPOINT WARNING * * *
You stumble backwards!
The smoke demon roars!
The smoke demon gestures at you. The sticky flame hits you!
You are covered in liquid flames!
You die...

.##≈ ≈≈≈ #
... .#≈≈
.#. ###≈#
.§ ≈≈
..###
#...#....
. #...#
#........#
#..#.
##.##..###
##..##.##
...#
#3.#D..#
#.# ###
#@#.## .#
#
3._##...#
. .#
##....###
# #
#..##.#
### .. ##
.#.#. .
#.##
.#...# ..
# . .##..#
#...###..#
# .....##
. ..


You could see a bone dragon and a smoke demon.

Vanquished Creatures
  2 two-headed ogres (D:9)
  Erica (D:8)
  A wretched star (Abyss:1)
  The ghost of WhatIsLove the Cleaver, a novice HOFi of Beogh (D:7)
  An ancient zyme (Abyss:1)
  2 raiju (Abyss:1)
  A hippogriff (D:9)
  A wyvern (D:9)
  A hungry ghost (D:7)
  2 small abominations (Abyss:1)
  2 vampire mosquitoes (D:10)
  Duvessa (D:6)
  A water moccasin (D:8)
  A hornet zombie (D:8)
  4 orc warriors
  The ghost of whodunnit the Twirler, an amateur OgGl (D:3)
  An ice beast (D:9)
  A sky beast (D:8)
  2 phantoms
  2 centaurs
  6 ogres
  A necrophage (D:7)
  6 bullfrogs
  2 big kobolds (D:8)
  A wyvern zombie (D:6)
  Dowan (D:6)
  A scorpion (D:5)
  3 wights (D:9)
  A howler monkey (D:4)
  4 crimson imps
  2 bullfrog zombies
  2 orc priests
  4 orc wizards
  2 bullfrog skeletons
  4 hounds
  2 centaur skeletons
  An iguana (D:4)
  6 worker ants
  10 gnolls
  A howler monkey skeleton (D:5)
  2 river rats (D:6)
  8 adders
  3 shadow imps
  A white imp (Abyss:1)
  An ufetubus (Abyss:1)
  An adder skeleton (D:8)
  A dart slug (D:2)
  3 worms
  6 leopard geckos
  38 orcs
  6 giant cockroaches
  7 goblins
  8 hobgoblins
  9 jackals
  6 quokkas
  A ball python (D:2)
  12 bats
  2 frilled lizards
  17 kobolds
  A quokka skeleton (D:5)
  2 rats
224 creatures vanquished.

Vanquished Creatures (collateral kills)
  3 orc warriors (D:9)
  An ogre (D:10)
  3 orc priests
  A jelly (D:9)
  A worker ant (D:10)
  An adder (D:10)
  10 orcs (D:9)
20 creatures vanquished.

Grand Total: 244 creatures vanquished

Notes
Turn   | Place    | Note
-------+----------+-------------------------------------------
     0 | D:1      | Kriby the Minotaur Berserker began the quest for the Orb.
     0 | D:1      | Reached XP level 1. HP: 19/19 MP: 0/0
   191 | D:1      | Reached XP level 2. HP: 26/27 MP: 1/1
   898 | D:2      | Reached XP level 3. HP: 32/33 MP: 2/2
   901 | D:2      | Reached ** piety under Trog
  1497 | D:3      | Noticed whodunnit's ghost (amateur OgGl)
  1514 | D:3      | Killed whodunnit's ghost
  1514 | D:3      | Reached XP level 4. HP: 33/41 MP: 3/3
  1514 | D:3      | Reached XP level 5. HP: 38/47 MP: 4/4
  1745 | D:3      | Found an ancient bone altar of Kikubaaqudgha.
  2316 | D:4      | Reached skill level 5 in Axes
  2317 | D:4      | Reached skill level 5 in Fighting
  2379 | D:4      | Reached XP level 6. HP: 48/56 MP: 5/5
  2394 | D:4      | Reached *** piety under Trog
  2483 | D:4      | Found a staircase to the Ecumenical Temple.
  2778 | D:4      | Found Rawear's General Store.
  2794 | D:4      | Bought a potion of lignification for 30 gold pieces
  2794 | D:4      | Bought a scroll of identify for 20 gold pieces
  2794 | D:4      | Bought a potion of mutation for 80 gold pieces
  2859 | D:5      | Entered Level 5 of the Dungeon
  2899 | D:5      | Reached skill level 5 in Armour
  2899 | D:5      | Reached XP level 7. HP: 57/62 MP: 6/6
  3915 | D:6      | Reached skill level 5 in Dodging
  4306 | D:6      | Reached **** piety under Trog
  4315 | D:6      | Reached XP level 8. HP: 61/71 MP: 7/7
  4424 | D:6      | Noticed Duvessa
  4434 | D:6      | Killed Duvessa
  4443 | D:6      | Noticed Dowan
  4451 | D:6      | Killed Dowan
  5454 | D:7      | Noticed WhatIsLove's ghost (novice HOFi)
  5464 | D:7      | Killed WhatIsLove's ghost
  5464 | D:7      | Reached XP level 9. HP: 81/81 MP: 8/8
  6375 | D:8      | Noticed Erica
  6397 | D:8      | Killed Erica
  7041 | D:8      | Reached XP level 10. HP: 90/90 MP: 9/9
  7133 | D:9      | Noticed a two-headed ogre
  7141 | D:9      | Killed a two-headed ogre
  7141 | D:9      | Reached skill level 1 in Shields
  7409 | D:9      | Reached ***** piety under Trog
  7472 | D:9      | Found a staircase to the Lair.
  7837 | D:9      | Noticed a two-headed ogre
  7846 | D:9      | Killed a two-headed ogre
  7846 | D:9      | Reached skill level 10 in Fighting
  7846 | D:9      | Reached skill level 10 in Axes
  8073 | D:9      | Identified the +8 bardiche of Day {drain, rC+ rN+ Int+2 Dex+3} (You found it on level 9 of the Dungeon)
  8126 | D:9      | Found a roughly hewn altar of Beogh.
  8126 | D:9      | Found a staircase to the Orcish Mines.
  8428 | D:10     | Entered Level 10 of the Dungeon
  8468 | D:10     | Reached skill level 10 in Armour
  9148 | D:10     | Received a gift from Trog
  9262 | D:10     | Noticed Sonja
  9264 | D:10     | Cast into level 1 of the Abyss (Sonja)
  9396 | Abyss:1  | Noticed a wretched star
  9409 | Abyss:1  | Killed a wretched star
  9409 | Abyss:1  | Reached XP level 11. HP: 80/80 MP: 10/10
  9458 | Abyss:1  | Noticed a tentacled starspawn
  9509 | Abyss:1  | Found an ancient bone altar of Kikubaaqudgha.
  9531 | Abyss:1  | Noticed a bone dragon
  9534 | Abyss:1  | HP: 2/90 [bone dragon (7)]
  9537 | Abyss:1  | Killed from afar by a smoke demon

Vault maps used:
D:1:      erik_arrival_triangle_medium
D:2:      first_ration
D:3:      kiku_gazebo_pond_becter
D:4:      minmay_temple_entry_hall, serial_shops, nicolae_shop_statue_plus
D:5:      corexii_shack_village
D:6:      gup_sewer_entry_bowl, uniq_duvessa
D:7:      grunt_ogre_cave
D:8:      uniq_erica
D:9:      lair_entry_dummy, david_orc_5
D:10:     serial_shops, nicolae_shop_window_shopping, uniq_sonja

Skill      XL: |  1  2  3  4  5  6  7  8  9 10 |
---------------+-------------------------------+-----
Fighting       | 4 5 6 8 9 10 | 10.7
Axes           | 4 5 6 8 9 10 | 10.7
Armour         | 3 4 5 6 7 9 10 | 10.4
Dodging        | 3 4 5 6 8 9 |  9.5
Shields        | 4 |  4.0

Action                   |  1- 3 |  4- 6 |  7- 9 | 10-12 || total
-------------------------+-------+-------+-------+-------++-------
Melee: Hand axe          |    89 |    71 |   101 |       ||   261
       Headbutt          |    10 |     9 |    54 |    40 ||   113
       War axe           |       |       |   186 |   159 ||   345
       Bardiche          |       |       |       |     2 ||     2
Invok: Berserk           |     1 |     2 |     3 |     7 ||    13
       Brothers in Arms  |       |       |       |     2 ||     2
       Trog's Hand       |       |       |       |     1 ||     1
  Use: Potion            |       |       |     8 |     4 ||    12
       Scroll            |       |       |    13 |     2 ||    15
  Eat: Chunk             |     2 |     7 |    13 |     9 ||    31
       Ration            |       |       |     1 |     2 ||     3
Armor: Animal skin       |     9 |       |       |       ||     9
       Ring mail         |     7 |       |       |       ||     7
       Chain mail        |     6 |    47 |    75 |       ||   128
       Skin              |       |       |     8 |       ||     8
       Plate armour      |       |       |    51 |       ||    51
       Scale mail        |       |       |     4 |    43 ||    47
Dodge: Dodged            |    53 |    42 |   124 |    83 ||   302
       Deflected         |       |       |     4 |     3 ||     7
Block: Other             |       |       |    10 |       ||    10
       Buckler           |       |       |     7 |    65 ||    72
       Reflection        |       |       |     3 |     3 ||     6

Table legend:
 A = Spawn XP
 B = Non-spawn XP
 C = Spawn XP percentage of total XP
 D = Spawn monster count
 E = Non-spawn monster count
 F = Spawn count percentage of total count
 G = Total turns spent on level
                    A         B        C        D         E        F      G
               +---------+---------+-------+---------+---------+-------+---------
         Total |     595 |   11765 |   4.8 |       5 |     239 |   2.0 |  9537
               +---------+---------+-------+---------+---------+-------+---------
           D:1 |       0 |      35 |   0.0 |       0 |      22 |   0.0 |   868
           D:2 |       0 |      25 |   0.0 |       0 |      13 |   0.0 |   445
           D:3 |       0 |     145 |   0.0 |       0 |       9 |   0.0 |   897
           D:4 |       0 |     507 |   0.0 |       0 |      35 |   0.0 |   710
           D:5 |       0 |     265 |   0.0 |       0 |      20 |   0.0 |   944
           D:6 |       0 |    1092 |   0.0 |       0 |      24 |   0.0 |  1398
           D:7 |       0 |    1675 |   0.0 |       0 |      22 |   0.0 |  1041
           D:8 |       0 |    1867 |   0.0 |       0 |      20 |   0.0 |   804
           D:9 |       0 |    3949 |   0.0 |       0 |      48 |   0.0 |  1321
          D:10 |       0 |     862 |   0.0 |       0 |      23 |   0.0 |   836
       Abyss:1 |     595 |    1343 |  30.7 |       5 |       3 |  62.5 |   273
               +---------+---------+-------+---------+---------+-------+---------
